3076 views
Uploaded 2020-03-10 08:50:58
Game version 1.32.2
9:40 long 1on1 ladder game on (2)TerenasStand_LV
Saved by Shackler
3076 views
Uploaded 2020-03-10 08:50:58
Game version 1.32.2
9:40 long 1on1 ladder game on (2)TerenasStand_LV

22 units @ 2.6k
/ 0.2k
11 buildings @ 1.9k
/ 0.8k

| Dust of Appearance | 1 | 75 |
| total: | 1 | 75g |
| Wisp | 11 | 660 | / | 0 |
| Archer | 4 | 520 | / | 40 |
| Dryad | 2 | 290 | / | 120 |
| Forest Troll Shadow Priest | 2 | 390 | / | 20 |
| Forest Troll Berserker | 2 | 490 | / | 60 |
| Ogre Mauler | 1 | 300 | / | 0 |
| total: | 22 | 2650g | / | 240w |
| Ancient Protector | 1 | 135 | / | 80 |
| Altar of Elders | 1 | 180 | / | 50 |
| Moon Well | 5 | 900 | / | 200 |
| Ancient of War | 1 | 150 | / | 60 |
| Hunter's Hall | 1 | 210 | / | 100 |
| Ancient of Lore | 2 | 310 | / | 290 |
| Tree of Ages | 1 | 320 | / | 180 |
| Tree of Eternity | 1 | 330 | / | 200 |
| total: | 11 | 1885g | / | 780w |
| 0:02 | Wisp |
| 0:06 | Altar of Elders |
| 0:08 | Wisp |
| 0:18 | Moon Well |
| 0:27 | Wisp |
| 0:47 | Ancient of War |
| 0:50 | Wisp |
| 0:50 | Wisp |
| 0:50 | Wisp |
| 0:59 | Wisp |
| 1:51 | Archer |
| 1:59 | Wisp |
| 2:01 | Wisp |
| 2:02 | Moon Well |
| 2:09 | Force of Nature |
| 3:03 | Forest Troll Shadow Priest |
| 3:13 | Entangling Roots |
| 3:18 | Tree of Ages |
| 3:21 | Hunter's Hall |
| 3:28 | Archer |
| 3:47 | Forest Troll Berserker |
| 3:59 | Archer |
| 4:06 | Moon Well |
| 4:17 | Archer |
| 5:05 | Moon Well |
| 5:11 | Moon Well |
| 6:01 | Entangling Roots |
| 6:03 | Ancient of Lore |
| 6:04 | Wisp |
| 6:04 | Wisp |
| 6:07 | Ancient of Lore |
| 6:19 | Dust of Appearance |
| 6:42 | Forest Troll Shadow Priest |
| 6:54 | Ultravision |
| 7:00 | Ancient Protector |
| 7:25 | Dryad |
| 7:49 | Forest Troll Berserker |
| 7:50 | Ogre Mauler |
| 8:10 | Dryad |
| 8:45 | Tree of Eternity |
| Right click | 720 |
| Select | 215 |
| Select group | 128 |
| Build/train/purchase | 35 |
| Assign group | 29 |
| Use ability | 20 |
| Misc. action | 6 |
/ 0.2k
11 buildings @ 1.8k
/ 0.7k

| Wisp | 13 | 780 | / | 0 |
| Archer | 6 | 780 | / | 60 |
| Druid of the Claw | 2 | 510 | / | 160 |
| total: | 21 | 2070g | / | 220w |
| Moon Well | 4 | 720 | / | 160 |
| Altar of Elders | 1 | 180 | / | 50 |
| Ancient of War | 1 | 150 | / | 60 |
| Ancient of Wonders | 2 | 180 | / | 60 |
| Hunter's Hall | 1 | 210 | / | 100 |
| Ancient of Lore | 2 | 310 | / | 290 |
| Tree of Ages | 1 | 320 | / | 180 |
| Tree of Eternity | 1 | 330 | / | 200 |
| total: | 11 | 1750g | / | 720w |
| 0:03 | Wisp |
| 0:03 | Wisp |
| 0:20 | Moon Well |
| 0:23 | Wisp |
| 0:23 | Wisp |
| 0:24 | Wisp |
| 0:33 | Altar of Elders |
| 0:40 | Wisp |
| 0:49 | Ancient of War |
| 1:13 | Moon Well |
| 1:22 | Wisp |
| 1:22 | Wisp |
| 1:22 | Wisp |
| 1:26 | Wisp |
| 1:52 | Archer |
| 1:59 | Wisp |
| 1:59 | Wisp |
| 2:00 | Wisp |
| 2:35 | Mana Burn |
| 2:42 | Tree of Ages |
| 2:47 | Moon Well |
| 3:03 | Archer |
| 3:14 | Ancient of Wonders |
| 3:17 | Ancient of Wonders |
| 3:27 | Archer |
| 3:45 | Hunter's Hall |
| 3:57 | Archer |
| 4:09 | Evasion |
| 4:14 | Archer |
| 4:46 | Archer |
| 5:05 | Tree of Eternity |
| 5:17 | Ancient of Lore |
| 5:20 | Ancient of Lore |
| 6:02 | Moon Well |
| 6:35 | Druid of the Claw Adept Training |
| 6:36 | Druid of the Claw |
| 7:16 | Abolish Magic |
| 7:35 | Druid of the Claw Master Training |
| 8:26 | Druid of the Claw |
| Right click | 516 |
| Select group | 242 |
| Select | 109 |
| Misc. action | 39 |
| Build/train/purchase | 32 |
| Use ability | 16 |
| Assign group | 15 |
โ